 Dungeon Crawl Stone Soup version 0.29.1-13-g9f3cf754e1 (webtiles) character file.

Game seed: 4389899276514520605

147 H0rd4k the Charlatan (level 5, -1/36 HPs)
             Began as an Octopode Artificer on Jan 25, 2023.
             Slain by a kobold
             ... wielding a +0 dagger
              (4 damage)
             ... on level 4 of the Dungeon.
             The game lasted 00:02:46 (3440 turns).

H0rd4k the Charlatan (Octopode Artificer)           Turns: 3440, Time: 00:02:46

Health: -1/36      AC:  1    Str: 11    XL:     5   Next: 29%
Magic:  8/8        EV: 13    Int: 16    God:
Gold:   139        SH:  0    Dex: 12    Spells: 8/8 levels left

rFire   . . .      SeeInvis .     - Unarmed
rCold   . . .      Faith    .   (no shield)
rNeg    . . .      Spirit   .   (helmet restricted)
rPois   .          Reflect  .   (no amulet)
rElec   .          Harm     .   (no ring)
rCorr   .          Rampage  .   (no ring)
Will    .....                   (no ring)
Stlth   +++.......              (no ring)
HPRegen 0.12/turn               (no ring)
MPRegen 0.11/turn               (no ring)
                                (no ring)
                                (no ring)

@: no status effects
A: almost no armour, amphibious, 8 rings, camouflage 1, gelatinous body 1,
(nimble swimmer 1), tentacles
a: no special abilities


You were on level 4 of the Dungeon.
You visited 1 branch of the dungeon, and saw 4 of its levels.

You collected 139 gold pieces.

Inventory:

Missiles
 m - 2 poisoned darts
Wands
 b - a wand of flame (15) (quivered)
 c - a wand of charming (13)
 d - a wand of iceblast (4)
 n - a wand of polymorph (12)
Scrolls
 f - 2 scrolls of teleportation {unknown}
 h - 8 scrolls of identify {unknown}
 i - a scroll of fog {unknown}
 o - a scroll of poison {unknown}
 p - a scroll of torment {unknown}
 q - a scroll of fear {unknown}
Potions
 a - a potion of curing
 e - 5 potions of flight {unknown}
 g - a potion of invisibility {unknown}
 j - a potion of might {unknown}
 k - a potion of attraction {unknown}
 l - a potion of lignification {unknown}


   Skills:
 * Level 2.8 Fighting
 - Level 2.3 Dodging
 - Level 1.3 Stealth
 + Level 2.9 Unarmed Combat
 * Level 2.0 Spellcasting
 - Level 3.2 Evocations


You had 8 spell levels left.
You didn't know any spells.
Your spell library contained the following spells:

 Spells                   Type           Power      Damage    Failure   Level
 Summon Small Mammal      Summ           4%         N/A       21%         1
 Call Canine Familiar     Summ           1%         N/A       52%         3
 Summon Guardian Golem    Hex/Summ       1%         N/A       52%         3


Dungeon Overview and Level Annotations

Branches:
Dungeon (4/15)
 Temple: D:4-7

Altars:


Innate Abilities, Weirdness & Mutations

You cannot wear most types of armour.
You are amphibious.
You can wear up to eight rings at the same time.
Your skin changes colour to match your surroundings (Stealth+).
Your rubbery body absorbs attacks. (AC +1, EV +1)
((You are camouflaged when in or above water. (Stealth+)))
You have tentacles for arms and can constrict up to eight enemies at once.


Message History

Something hits your adder.
Your adder dies!
Found a purple potion.
A kobold comes into view.
It is wielding a +0 dagger and quivering poisoned darts.
The orc attacks as you move away! The orc barely misses you.
Found 6 gold pieces.
You barely miss the orc. You grab the orc. You constrict the orc.
The orc hits you with a +0 short sword.
You tentacle-slap the orc.
You kill the orc!
Things that are here:
a +0 short sword; an orc corpse A ball python comes into view.
Found a rapier.
Found a scroll labelled BYAHIO AXKI.
You see here a scroll labelled BYAHIO AXKI.
You closely miss the ufetubus. Your grab misses the ufetubus.
The ufetubus hits you.
* * * LOW HITPOINT WARNING * * *
The ufetubus barely misses you. The ufetubus misses you.
The ufetubus closely misses you.
You miss the ufetubus. You grab the ufetubus. You constrict the ufetubus.
The ufetubus hits you.
* * * LOW HITPOINT WARNING * * *
The ufetubus hits you.
* * * LOW HITPOINT WARNING * * *
You tentacle-slap the ufetubus. You squeeze the ufetubus.
You kill the ufetubus!
Saving game... please wait.
Welcome back, H0rd4k the Octopode Artificer.
Press ? for a list of commands and other information.
A kobold is nearby!
q - a scroll labelled BYAHIO AXKI A kobold is nearby!
The kobold shouts!
You tentacle-slap the kobold. Your grab misses the kobold.
The kobold is heavily wounded.
You hear an angry hiss.
The kobold hits you with a +0 dagger.
You die...

####...## .......##
.. ##.......##
##.###.........#
......).......#
..S..........#
#..$..........#
#........#.K..#
#.........@#..#
#........###..#
........# #..#
#.#.###.# #..##
####.#.###.# #...#
###......5...# ##..#
..!......########K.#
##.##.............#
##...#..#########..#


You could see a ball python and a kobold.

Vanquished Creatures
  Ijyb (D:3)
  3 adders (D:2)
  An ufetubus (D:4)
  4 worms
  A dart slug (D:3)
  4 orcs (D:4)
  4 endoplasms
  2 giant cockroaches
  6 goblins
  8 hobgoblins
  3 quokkas
  7 ball pythons
  11 bats
  3 frilled lizards
  6 kobolds
  6 rats
70 creatures vanquished.

Vanquished Creatures (collateral kills)
  An orc (D:4)
1 creature vanquished.

Vanquished Creatures (others)
  2 adders
2 creatures vanquished.

Grand Total: 73 creatures vanquished

Notes
Turn   | Place    | Note
-------+----------+-------------------------------------------
     0 | D:1      | H0rd4k the Octopode Artificer began the quest for the Orb.
     0 | D:1      | Reached XP level 1. HP: 13/13 MP: 1/1
   530 | D:1      | Reached XP level 2. HP: 14/18 MP: 1/3
   751 | D:1      | Reached skill level 1 in Spellcasting
  1317 | D:2      | Found a faded altar of an unknown god.
  1410 | D:2      | Reached XP level 3. HP: 19/24 MP: 4/4
  1415 | D:2      | Reached skill level 1 in Unarmed Combat
  1429 | D:2      | HP: 1/24 [worm (10)]
  1907 | D:2      | Reached XP level 4. HP: 30/30 MP: 6/6
  2531 | D:3      | Noticed Ijyb
  2553 | D:3      | Killed Ijyb
  2576 | D:3      | Reached XP level 5. HP: 17/35 MP: 7/7
  3423 | D:4      | HP: 1/36 [ufetubus (2)]
  3440 | D:4      | Slain by a kobold

Illustrated notes

Levels and vault maps discovered:
D:1:      lightli_arrival_quake, layout_basic, serial_corexii_hall,
          corexii_hall_statues_u, chequers_hall_statues_wall_a
D:2:      layout_basic, ebering_ecumenical_altar_box, minmay_pentomino_s4
D:3:      layout_rooms, uniq_ijyb
D:4:      layout_loops_ring, zin_angel, okawaru_trees_2, lightli_minifort

Skill      XL: |  1  2  3  4  5 |
---------------+----------------+-----
Spellcasting   | 1 2 |  2.0
Unarmed Combat | 1 2 |  2.9
Fighting       | 2 |  2.8
Dodging        | |  2.3
Stealth        | |  1.3
Evocations     | |  3.2

Action                   |  1- 3 |  4- 6 || total
-------------------------+-------+-------++-------
Melee: Unarmed           |   102 |    94 ||   196
       Constrict         |    30 |    22 ||    52
       Tentacles         |    24 |    15 ||    39
       Punch             |     1 |     2 ||     3
Evoke: Wand              |       |     3 ||     3
  Use: Potion            |       |     1 ||     1
 Stab: Sleeping          |     8 |    10 ||    18
Armor: Skin              |     9 |    21 ||    30
Dodge: Dodged            |    66 |    43 ||   109
